 Dungeon Crawl Stone Soup version 0.13-a0-1585-g6f4f798 (webtiles) character file.

253 Kae the Chiller (level 5, -1/35 HPs)
             Began as a Demonspawn Ice Elementalist on June 12, 2013.
             Slain by an orc priest
             ... wielding a +0,+3 orcish hand axe
              (7 damage)
             ... on Level 3 of the Dungeon.
             The game lasted 00:04:44 (3065 turns).

Kae the Chiller (Demonspawn Ice Elementalist)       Turns: 3065, Time: 00:04:45

HP  -1/35        AC  2     Str  8      XL: 5   Next:  8%
MP   7/9         EV 12     Int 17      God:
Gold 105         SH  0     Dex 14      Spells:  2 memorised,  4 levels left

Res.Fire  : . . .   See Invis. : .   l - +0,+3 orc dagger (speed)
Res.Cold  : + . .   Warding    : .   a - +0 robe
Life Prot.: . . .   Conserve   : .   (no shield)
Res.Poison: .       Res.Corr.  : .   (no helmet)
Res.Elec. : .       Clarity    : .   (no cloak)
Sust.Abil.: . .     Spirit.Shd : .   (no gloves)
Res.Mut.  : .       Stasis     : .   (no boots)
Res.Rott. : .       Flight     : .   (no amulet)
Saprovore : . . .                    (no ring)
                                     (no ring)

@: slightly resistant to hostile enchantments, fairly stealthy
A: cold resistance 1
a: no special abilities


You were on level 3 of the Dungeon.
You were not hungry.

You visited 1 branch of the dungeon, and saw 3 of its levels.

You collected 85 gold pieces.

Inventory:

Hand weapons
 l - a +0,+3 orcish dagger of speed (weapon)
Armour
 a - a +0 robe (worn)
 u - a +1 helmet
Comestibles
 c - 2 bread rations
 h - a lychee
 q - a choko
 t - a pear
 w - a rotting chunk of goblin flesh
 x - an apple
 A - a meat ration
 B - a chunk of adder flesh
Scrolls
 d - a scroll of amnesia {unknown}
 f - 2 scrolls of remove curse {unknown}
 j - 2 scrolls of teleportation {unknown}
 n - a scroll of identify {unknown}
 o - 2 scrolls of recharging {unknown}
 r - a scroll of curse jewellery {unknown}
Jewellery
 m - an uncursed ring of sustain abilities {unknown}
 s - an uncursed ring of life protection {unknown}
Potions
 e - 2 potions of restore abilities {unknown}
 g - a potion of paralysis {unknown}
 i - a potion of speed {unknown}
 k - a potion of resistance {unknown}
 p - 3 potions of curing {unknown}
 v - a potion of might
 z - a potion of poison {unknown}
Books
 b - a book of Frost

   Spells                             Type                      Level
   *Freeze                            Ice                          1
   *Throw Frost                       Conjuration/Ice              2
   Ozocubu's Armour                   Charms/Ice                   3
   Throw Icicle                       Conjuration/Ice              4
   Summon Ice Beast                   Ice/Summoning                4
   Condensation Shield                Ice                          4


   Skills:
 + Level 1.1 Short Blades
 - Level 2.0 Dodging
 - Level 1.8 Stealth
 + Level 1.9 Spellcasting
 * Level 2.8 Conjurations
 * Level 3.8 Ice Magic


You had 4 spell levels left.
You knew the following spells:

 Your Spells              Type           Power        Failure   Level  Hunger
a - Freeze                Ice            ##..         4%          1    #......
b - Throw Frost           Conj/Ice       ##....       10%         2    ###....


Dungeon Overview and Level Annotations

Branches:
Dungeon (3/27)

Altars:


Innate Abilities, Weirdness & Mutations

Your flesh is cold resistant.


Message History

Something smites you!
Casting: Freeze
Confirm with . or Enter, or press ? or * to list all spells.
Aiming: Freeze
Press: ? - help, Shift-Dir - straight line, f - orc priest
Aim: an orc priest, wielding an orcish hand axe You freeze the orc priest.
The orc priest is moderately wounded.
The orc priest calls down the wrath of Beogh upon you.
Something smites you!
* * * LOW HITPOINT WARNING * * *
Casting: Freeze
Confirm with . or Enter, or press ? or * to list all spells.
Aiming: Freeze
Press: ? - help, Shift-Dir - straight line, f/p - orc priest
Aim: an orc priest, wielding an orcish hand axe (moderately wounded)
You freeze the orc priest.
The orc priest is heavily wounded.
The orc priest hits you with an orcish hand axe!
You die...

#......... ......
#...# #... ......
#...# #..# ####.
#...# #..# #. #...#
#..# . #...# #(.#
#..<###.)##########
#...o[..............
#..@###....%........
#...# ##)###########
##### #.# #.# .o.
..... ..%....
......... ####
#.......... o...


You could see an orc priest.

Vanquished Creatures
  Ijyb (D:2)
  8 adders
  A giant gecko (D:1)
  5 orcs (D:3)
  2 giant cockroaches
  4 hobgoblins
  4 jackals (D:2)
  8 kobolds
  2 bats
  6 giant newts
  8 goblins
  7 rats
56 creatures vanquished.

Notes
Turn   | Place    | Note
--------------------------------------------------------------
     0 | D:1      | Kae, the Demonspawn Ice Elementalist, began the quest for the Orb.
     0 | D:1      | Reached XP level 1. HP: 13/13 MP: 3/3
   235 | D:1      | Reached skill level 3 in Ice Magic
   307 | D:1      | Gained mutation: Your flesh is cold resistant. [demonic ancestry]
   307 | D:1      | Reached XP level 2. HP: 8/19 MP: 0/4
   869 | D:1      | Learned a level 2 spell: Throw Frost
  1004 | D:2      | Noticed Ijyb
  1045 | D:2      | Killed Ijyb
  1045 | D:2      | Reached XP level 3. HP: 5/24 MP: 0/6
  1510 | D:2      | Reached XP level 4. HP: 21/30 MP: 7/7
  1996 | D:2      | Reached skill level 1 in Short Blades
  2962 | D:3      | Reached XP level 5. HP: 33/35 MP: 7/9
  3065 | D:3      | Slain by an orc priest

Action                   |  1- 3 |  4- 6 || total
-------------------------+-------+-------++-------
Melee: Unarmed           |    17 |       ||    17
       Dagger            |    85 |    81 ||   166
 Cast: Freeze            |    26 |    23 ||    49
 Stab: Sleeping          |     4 |     1 ||     5
